Map: Prion Terraces

Players

LilDicky - Winner!

  • Race: Terran Terran
  • League: Diamond

Denoon

  • Race: Protoss Protoss
  • League: Diamond

VOD

http://www.twitch.tv/tumescentpie

Description

Time

  • Played on: Nov. 27, 2015, 11:03 a.m.
  • Length: 5:30
Show
View Real Time Build Order
Export as new Build Order

LilDicky Terran - Winner!

Build Orders: MMM Bio 

Get SALT Encoding   

  12  0:01  SCV  
  13  0:13  SCV  
  14  0:19  Supply Depot  
  14  0:25  SCV  
  15  0:31  Refinery  
  15  0:40  SCV  
  16  0:53  Barracks  
  16  0:55  SCV  
  17  1:07  SCV  
  18  1:19  SCV  
  19  1:31  SCV  
  20  1:42  Marine  
  20  1:43  Orbital Command  
  20  1:44  Supply Depot  
  20  1:46  Factory  
  21  2:02  Marine  
  22  2:14  Barracks  
  22  2:15  SCV  
  23  2:18  Barracks  
  23  2:20  Barracks Reactor, Refinery  
  23  2:29  SCV  
  24  2:41  SCV  
  24  2:43  Supply Depot  
  25  2:44  Widow Mine  
  27  2:53  SCV  
  27  2:59  Marine x2  
  27  3:05  Barracks Tech Lab x2  
  29  3:07  SCV  
  29  3:09  Bunker  
  30  3:13  Widow Mine  
  30  3:16  Supply Depot  
  30  3:17  Marine  
  33  3:26  Stimpack  
  33  3:27  Combat Shields  
  33  3:28  Marine  
  33  3:32  Marine  
  35  3:34  Marine  
  36  3:42  Widow Mine  
  36  3:57  Reaper  
  36  3:58  Marauder x2  
  39  4:07  Marine  
  40  4:10  Widow Mine  
  40  4:11  SCV  
  43  4:19  Marauder  
  45  4:24  SCV  
  45  4:27  Marine  
  47  4:34  Starport  
  47  4:39  Marauder  
  47  4:41  Marauder  
  51  5:01  Marine  
  51  5:02  Marauder, Marine  
  51  5:07  Marauder  
  55  5:23  Supply Depot  
Show
View Real Time Build Order
Export as new Build Order

Denoon Protoss 

Build Orders:  

Get SALT Encoding   

  12  0:01  Probe (Chrono Boost)  
  13  0:12  Probe (Chrono Boost)  
  14  0:18  Pylon  
  14  0:22  Probe (Chrono Boost)  
  15  0:37  Probe (Chrono Boost)  
  15  0:38  Assimilator  
  15  0:42  Gateway  
  16  0:48  Probe (Chrono Boost)  
  17  0:58  Probe (Chrono Boost)  
  18  1:07  Gateway  
  18  1:09  Probe (Chrono Boost)  
  19  1:19  Probe (Chrono Boost)  
  20  1:30  Cybernetics Core  
  20  1:41  Probe (Chrono Boost)  
  21  1:52  Nexus  
  21  1:57  Pylon  
  21  2:06  Stalker  
  23  2:10  Assimilator  
  23  2:18  Stalker  
  25  2:32  Warp Gate  
  25  2:39  Probe (Chrono Boost)  
  26  2:46  Stalker  
  26  2:49  Probe (Chrono Boost)  
  29  2:59  Stalker  
  29  3:05  Probe x2 (Chrono Boost)  
  33  3:16  Probe (Chrono Boost)  
  33  3:17  Probe (Chrono Boost), Pylon  
  35  3:26  Probe (Chrono Boost)  
  34  3:36  Mothership Core (Chrono Boost)  
  36  3:43  Forge  
  26  4:18  Photon Cannon  
  24  4:34  Photon Cannon  
  24  4:37  Probe x2 (Chrono Boost)  
  19  5:05  Photon Cannon  
  17  5:08  Probe (Chrono Boost)  
  17  5:09  Probe (Chrono Boost)  
  19  5:19  Probe x2 (Chrono Boost)  
Tags
 
Add a new tag
Caveats
  • Supply blocks, unpowered buildings, or Contaminate may cause inaccurate times.
  • Supply counts are checked every 10 seconds.